 Dungeon Sprint DCSS version 0.19.0-17-g07987d3 (webtiles) character file.

5537 LORDOFBUTT the Executioner (level 10, -1/77 HPs)
             Began as a Minotaur Berserker on Nov 10, 2016.
             Was a High Priest of Trog.
             Slain by an unseen horror (3 damage)
             ... in the Dungeon (Sprint I: "Red Sonja").
             The game lasted 00:04:40 (2634 turns).

LORDOFBUTT the Executioner (Minotaur Berserker)     Turns: 2634, Time: 00:04:41

Health: -1/77      AC:  7    Str: 26    XL:     10   Next: 43%
Magic:  9/9        EV: 19    Int:  4    God:    Trog [*****.]
Gold:   812        SH:  0    Dex: 12    Spells: 0 memorised, 9 levels left

rFire  . . .     SeeInvis .     c - +0 war axe
rCold  . . .     Gourm    .     l - +0 ring mail
rNeg   . . .     Faith    .     (no shield)
rPois  .         Spirit   .     (helmet restricted)
rElec  .         Reflect  .     (no cloak)
rCorr  .         Harm     .     k - +1 pair of gloves {Str+3}
MR     .....     NoTele   +     (no boots)
Stlth  +.........               (no amulet)
                                (no ring)
                                (no ring)

@: no status effects
A: retaliatory headbutt, horns 2
a: Berserk, Trog's Hand, Brothers in Arms, Burn Spellbooks, Renounce Religion


You were in the Dungeon.
You worshipped Trog.
Trog was extremely pleased with you.
You were hungry.

You visited 1 branch You collected 1085 gold pieces.
You spent 273 gold pieces at shops.

Inventory:

Hand Weapons
 a - a +0 hand axe
 c - a +0 war axe (weapon)
Armour
 k - a +1 pair of gloves of strength (worn)
 l - a +0 ring mail (worn)
Wands
 e - a wand of acid (8/15)
Scrolls
 b - a scroll of magic mapping {unknown}
 i - a scroll of blinking
 j - a scroll of identify {unknown}
Potions
 f - a potion of haste
 g - 2 potions of magic
 h - a potion of berserk rage


   Skills:
 - Level 3.6 Fighting
 * Level 21.9 Axes
 - Level 2.4 Armour
 + Level 15.2 Dodging


You had 9 spell levels left.
You didn't know any spells.

Dungeon Overview and Level Annotations

Branches:
Dungeon (1/1)

Altars:
Cheibriados
Dithmenos
Elyvilon
Fedhas
Gozag
Hepliaklqana
Kikubaaqudgha
Makhleb
Nemelex Xobeh
Okawaru
Qazlal
Ru
Sif Muna
Trog
Uskayaw
Vehumet
Xom
Yredelemnul
Zin
The Shining One
Jiyva
Lugonu

Shops:
D [[[


Innate Abilities, Weirdness & Mutations

You reflexively headbutt those who attack you in melee.
You have a pair of horns on your head.


Message History

Something hits you but does no damage.
Deactivating autopickup; reactivate with Ctrl-A.
Something closely misses you. x2
You slash something! Your headbutt misses something. You miss something.
Something hits you. x2
* * * LOW HITPOINT WARNING * * *
Something closely misses you.
You barely miss something. Your headbutt misses something. Something hits you.
* * * LOW HITPOINT WARNING * * *
Something hits you.
* * * LOW HITPOINT WARNING * * *
You slice something!! You barely miss something. Something closely misses you.
Something hits you!
* * * LOW HITPOINT WARNING * * *
Something barely misses you. Something hits you!
* * * LOW HITPOINT WARNING * * *
Something barely misses you.
You miss something. You headbutt something! Something hits you.
You die...

____##'#§.'≈§§§.'..#
.∩...'.(§_#≈§§§§#..#
..__##_(#'##(#####'###
____###'#[#(...###.'.#
#######.####'###.###.#
.....'...[.....'.∩##.#
++####...###########.#
###.###.....§§##.#
#.#'#.#.....@{§§§#
#.....#+++######§#
#..(..# JJ...§#§#
####### #§§# ####


There were no monsters in sight!

Vanquished Creatures
  2 centaur warriors (D)
  Sonja (D)
  A deep troll (D)
  An oklob plant (D)
  4 demonic crawlers (D)
  2 kobold demonologists (D)
  A hornet (D)
  A slime creature (D)
  Sigmund (D)
  2 redbacks (D)
  A yak (D)
  2 floating eyes (D)
  An ogre (D)
  A jelly (D)
  Ijyb (D)
  6 ballistomycetes (D)
28 creatures vanquished.

Vanquished Creatures (others)
  2 ballistomycete spores (D)
2 creatures vanquished.

Grand Total: 30 creatures vanquished

Notes
Turn   | Place    | Note
-------+----------+-------------------------------------------
     0 | D        | LORDOFBUTT the Minotaur Berserker began the quest for the Orb.
     0 | D        | Reached XP level 1. HP: 19/19 MP: 0/0
     1 | D        | Noticed Ijyb
    10 | D        | Killed Ijyb
    10 | D        | Reached skill level 6 in Axes
    10 | D        | Reached XP level 2. HP: 13/26 MP: 1/1
   173 | D        | Noticed an ogre
   178 | D        | Killed an ogre
   178 | D        | Reached skill level 9 in Axes
   178 | D        | Reached XP level 3. HP: 19/31 MP: 2/2
   178 | D        | Reached XP level 4. HP: 24/39 MP: 3/3
   295 | D        | Noticed Sigmund
   317 | D        | Killed Sigmund
   317 | D        | Reached ** piety under Trog
   317 | D        | Reached skill level 12 in Axes
   317 | D        | Reached XP level 5. HP: 8/45 MP: 4/4
   317 | D        | Reached XP level 6. HP: 10/51 MP: 5/5
   677 | D        | Found a deep blue altar of Sif Muna.
   679 | D        | Found a radiant altar of Vehumet.
   714 | D        | Found Jazy Rofaus's Antique Armour Emporium.
   714 | D        | Found an ancient bone altar of Kikubaaqudgha.
   714 | D        | Found a hazy altar of Hepliaklqana.
   714 | D        | Found a stormy altar of Qazlal.
   714 | D        | Found a hide-covered altar of Uskayaw.
   714 | D        | Found a blossoming altar of Fedhas.
   714 | D        | Found a bloodstained altar of Trog.
   714 | D        | Found an iron altar of Okawaru.
   714 | D        | Found a basalt altar of Yredelemnul.
   714 | D        | Found a glowing golden altar of the Shining One.
   714 | D        | Found a snail-covered altar of Cheibriados.
   714 | D        | Found a sacrificial altar of Ru.
   714 | D        | Found a glowing silver altar of Zin.
   714 | D        | Found a shadowy altar of Dithmenos.
   714 | D        | Found a white marble altar of Elyvilon.
   714 | D        | Noticed a yak
   724 | D        | Killed a yak
   724 | D        | Reached skill level 13 in Axes
   725 | D        | Found an opulent altar of Gozag.
   726 | D        | Found a sparkling altar of Nemelex Xobeh.
   964 | D        | Bought a pair of embroidered gloves for 273 gold pieces
   999 | D        | Noticed a centaur warrior
  1005 | D        | Found a burning altar of Makhleb.
  1005 | D        | Found a viscous altar of Jiyva.
  1005 | D        | Found a shimmering altar of Xom.
  1005 | D        | Found a corrupted altar of Lugonu.
  1005 | D        | Noticed a slime creature
  1011 | D        | Killed a slime creature
  1011 | D        | Reached *** piety under Trog
  1011 | D        | Reached skill level 14 in Axes
  1011 | D        | Reached skill level 10 in Dodging
  1011 | D        | Reached XP level 7. HP: 55/57 MP: 6/6
  1115 | D        | Noticed a kobold demonologist
  1116 | D        | Noticed a red devil
  1116 | D        | Noticed a kobold demonologist
  1119 | D        | Noticed a hellwing
  1119 | D        | Reached skill level 15 in Axes
  1123 | D        | Killed a kobold demonologist
  1123 | D        | Reached skill level 16 in Axes
  1128 | D        | Killed a kobold demonologist
  1128 | D        | Reached **** piety under Trog
  1128 | D        | Reached XP level 8. HP: 64/64 MP: 7/7
  1176 | D        | Noticed a demonic crawler
  1176 | D        | Noticed a demonic crawler
  1176 | D        | Noticed a demonic crawler
  1176 | D        | Noticed a demonic crawler
  1187 | D        | Killed a demonic crawler
  1187 | D        | Reached skill level 17 in Axes
  1189 | D        | Killed a demonic crawler
  1195 | D        | Killed a demonic crawler
  1195 | D        | Reached skill level 18 in Axes
  1199 | D        | Killed a demonic crawler
  1199 | D        | Reached ***** piety under Trog
  1199 | D        | Reached XP level 9. HP: 9/70 MP: 8/8
  1618 | D        | Noticed Sonja
  1623 | D        | Killed Sonja
  1623 | D        | Reached skill level 19 in Axes
  1958 | D        | Noticed a deep troll
  1968 | D        | Killed a deep troll
  1968 | D        | Reached skill level 20 in Axes
  1986 | D        | Found Utivuy's Armour Emporium.
  2012 | D        | Noticed a centaur warrior
  2015 | D        | Killed a centaur warrior
  2015 | D        | Reached XP level 10. HP: 44/77 MP: 9/9
  2031 | D        | Killed a centaur warrior
  2031 | D        | Reached skill level 21 in Axes
  2485 | D        | Found Faprapleq's Armour Boutique.
  2527 | D        | Noticed an oklob plant
  2535 | D        | Killed an oklob plant
  2535 | D        | Reached skill level 15 in Dodging
  2560 | D        | HP: 3/77 [poisoned by a redback]
  2633 | D        | HP: 1/77 [something (7)]
  2634 | D        | Slain by an unseen horror

Skill      XL: |  1  2  3  4  5  6  7  8  9 10 |
---------------+-------------------------------+-----
Axes           | 6 9 12 14 16 18 20 21 | 21.9
Dodging        | 4 6 8 10 11 12 14 15 | 15.2
Fighting       | |  3.6
Armour         | |  2.4

Action                   |  1- 3 |  4- 6 |  7- 9 | 10-12 || total
-------------------------+-------+-------+-------+-------++-------
Melee: Hand axe          |    12 |    28 |    42 |       ||    82
       Headbutt          |     2 |     8 |    14 |    10 ||    34
       War axe           |       |       |     3 |    46 ||    49
Invok: Berserk           |       |     3 |     4 |       ||     7
       Brothers in Arms  |       |       |     1 |       ||     1
  Use: Potion            |       |       |       |     4 ||     4
  Eat: Chunk             |       |     2 |       |       ||     2
       Meat ration       |       |       |     1 |       ||     1
       Bread ration      |       |       |     1 |       ||     1
Armor: Ring mail         |       |       |    11 |     6 ||    17
Dodge: Dodged            |     6 |    15 |    37 |    13 ||    71
